 Dungeon Crawl Stone Soup version 0.18.1-8-gdd0e5ea (webtiles) character file.

7066 pragmatic the Cleaver (level 11, -32/71 HPs)
             Began as a Gargoyle Berserker on Apr 28, 2016.
             Was a High Priest of Trog.
             Annihilated by Maud
             ... wielding a +2 double sword of protection
              (51 damage)
             ... on level 10 of the Dungeon on June 2, 2016.
             The game lasted 00:56:40 (8177 turns).

pragmatic the Cleaver (Gargoyle Berserker)          Turns: 8177, Time: 00:56:41

Health: -32/71     AC: 28    Str: 24    XL:     11   Next: 9%
Magic:  11/11      EV:  8    Int:  8    God:    Trog [*****.]
Gold:   425        SH:  0    Dex:  9    Spells: 0 memorised, 10 levels left

rFire  . . .     SeeInvis .     C - +0 war axe
rCold  . . .     Gourm    +     d - +1 plate armour
rNeg   + . .     Faith    .     (no shield)
rPois  ∞         Spirit   .     S - +1 hat
rElec  +         Dismiss  .     (no cloak)
rCorr  .         Reflect  .     M - +0 pair of gloves
SustAt .         Harm     .     J - +2 pair of boots
MR     .....                    u - amulet of the gourmand
Stlth  ..........               (no ring)
                                k - ring of loudness

@: not resistant to hostile enchantments, extremely unstealthy
A: negative energy resistance 1, electricity resistance, unbreathing,
petrification resistance, rot immunity, AC +7
a: Berserk, Trog's Hand, Brothers in Arms, Burn Spellbooks, Renounce Religion


You were on level 10 of the Dungeon.
You worshipped Trog.
Trog was extremely pleased with you.
You were very full.

You visited 1 branch of the dungeon, and saw 10 of its levels.

You collected 425 gold pieces.

Inventory:

Hand Weapons
 a - a +0 hand axe
 C - a +0 war axe (weapon)
 Q - a +0 giant club
Armour
 b - a +0 animal skin
 d - a +1 plate armour (worn)
 A - a +0 pair of boots
 J - a +2 pair of boots (worn)
 M - a +0 pair of gloves (worn)
 S - a +1 hat (worn)
Jewellery
 k - a ring of loudness (left hand)
 u - an amulet of the gourmand (around neck)
 w - an uncursed amulet of dismissal
Wands
 r - a wand of random effects (11/48)
 G - a wand of enslavement (4/24)
 L - a wand of teleportation (3/9)
Scrolls
 h - 5 scrolls of fear
 o - a scroll of noise {unknown}
 y - 4 scrolls of teleportation
 z - 3 scrolls of remove curse
 B - 4 scrolls of identify
 F - a scroll of blinking {unknown}
 K - a scroll of enchant armour
 N - a scroll of fog
 P - a scroll of silence {unknown}
 T - a scroll of brand weapon {unknown}
Potions
 e - a potion of cure mutation {unknown}
 f - a potion of cancellation {unknown}
 g - a potion of flight {unknown}
 i - 4 potions of curing {unknown}
 j - 2 potions of haste {unknown}
 n - a potion of resistance {unknown}
 p - a potion of agility {unknown}
 q - 3 potions of lignification {unknown}
 s - 2 potions of brilliance {unknown}
 t - 2 potions of magic {unknown}
 v - 3 potions of might {unknown}
 x - a potion of beneficial mutation {unknown}
 D - 4 potions of heal wounds {unknown}
 E - 4 potions of ambrosia {unknown}
 R - a potion of degeneration {unknown}
Books
 O - an Akashic Record

   Spells                             Type                      Level
   a - Dispersal                      Translocation                6
   b - Malign Gateway                 Summoning/Translocation      7
   c - Disjunction                    Translocation                8
   d - Controlled Blink               Translocation                8
   Trog disapproves of the use of such an item.
Miscellaneous
 I - a plain deck of wonders
Comestibles
 c - 9 bread rations
 l - 4 fruits
 m - 5 meat rations
 H - a royal jelly


   Skills:
 + Level 9.4 Fighting
 * Level 10.2 Axes
 + Level 9.8 Armour
 * Level 4.2 Dodging
 - Level 0.8 Stealth


You had 10 spell levels left.
You didn't know any spells.

Dungeon Overview and Level Annotations

Branches:
Dungeon (10/15)            Temple (0/1) D:5
   Lair: D:8-11         Orc: D:9-12

Altars:
Gozag
Nemelex Xobeh
Trog
Vehumet
Xom
Zin

Annotations:
D:10 Maud


Innate Abilities, Weirdness & Mutations

You are resistant to torment.
Your stone body is resilient (AC +7).
You are immune to poison.
You resist negative energy.
You are resistant to electric shocks.
You can survive without breathing.
You are immune to petrification.
You are immune to rotting.


Message History

Maud hits you with a double sword of protection!
Your plate armour prevents you from hitting Maud.
Maud barely misses you.
You barely miss Maud. Maud barely misses you.
You hit Maud.
Maud is lightly wounded.
Maud hits you but does no damage.
You hit Maud.
Maud is lightly wounded.
You hit the worker ant.
The worker ant is lightly wounded.
Maud hits you with a double sword of protection!!!
Ouch! That really hurt!
The worker ant bites you but does no damage.
Maud hits you with a double sword of protection.
* * * LOW HITPOINT WARNING * * *
The worker ant closely misses you.
Maud hits you with a double sword of protection!!!
Ouch! That really hurt!
You die...

#. #.# #.# #####..
###.....# ........#
........########
.......a.!.....# #
........@......#
.......@.......#
#######
###............#
#......
#............####......
#.....####......#......
#.....# #......#......
####### #.............
#.............
#.............


You could see Maud (berserk) and a worker ant.

Vanquished Creatures
  Gastronok (D:8)
  A troll (D:9)
  A wyvern (D:9)
  Grum (D:8)
  8 yaks
  A hippogriff (D:9)
  Edmund (D:5)
  2 orc warriors (D:7)
  3 ice beasts
  A sky beast (D:9)
  3 wolves (D:8)
  4 ogres
  3 centaurs
  5 giant frogs
  A wyvern skeleton (D:9)
  3 scorpions
  5 killer bees (D:8)
  A howler monkey (D:4)
  2 crimson imps
  2 jellies
  A quasit (D:10)
  3 giant frog skeletons
  2 orc priests
  Terence (D:2)
  9 hounds
  3 centaur skeletons
  Jessica (D:2)
  An iguana (D:8)
  4 orc wizards
  7 worker ants
  A hound zombie (D:8)
  2 hound skeletons
  2 howler monkey zombies
  2 worker ant zombies
  11 gnolls
  A howler monkey skeleton (D:7)
  7 adders
  2 shadow imps
  3 worms
  2 dart slugs (D:1)
  4 giant geckos
  28 orcs
  A ball python (D:2)
  5 giant cockroaches
  10 goblins
  3 hobgoblins (D:1)
  7 jackals (D:1)
  4 quokkas
  10 bats
  4 giant newts
  6 kobolds
  A quokka skeleton (D:7)
  6 rats
203 creatures vanquished.

Notes
Turn   | Place    | Note
--------------------------------------------------------------
     0 | D:1      | pragmatic the Gargoyle Berserker began the quest for the Orb.
     0 | D:1      | Reached XP level 1. HP: 14/14 MP: 1/1
   123 | D:1      | Reached XP level 2. HP: 19/19 MP: 2/2
   226 | D:1      | Reached skill level 3 in Axes
   266 | D:1      | Reached XP level 3. HP: 20/23 MP: 3/3
   300 | D:1      | Reached ** piety under Trog
   648 | D:2      | Noticed Terence
   683 | D:2      | Killed Terence
   683 | D:2      | Reached XP level 4. HP: 29/29 MP: 4/4
   725 | D:2      | Noticed Jessica
   751 | D:2      | Killed Jessica
   751 | D:2      | Reached XP level 5. HP: 3/33 MP: 5/5
  1937 | D:3      | Found a bloodstained altar of Trog.
  1953 | D:3      | Reached *** piety under Trog
  1953 | D:3      | Reached skill level 4 in Axes
  2200 | D:4      | Reached XP level 6. HP: 35/39 MP: 6/6
  2776 | D:4      | Found a shimmering altar of Xom.
  3004 | D:5      | Entered Level 5 of the Dungeon
  3058 | D:5      | Reached XP level 7. HP: 33/44 MP: 7/7
  3083 | D:5      | Reached skill level 5 in Fighting
  3144 | D:5      | Noticed Edmund
  3168 | D:5      | Killed Edmund
  3168 | D:5      | Reached skill level 5 in Armour
  3256 | D:5      | Found a staircase to the Ecumenical Temple.
  3303 | D:5      | Reached skill level 5 in Axes
  3352 | D:5      | Reached XP level 8. HP: 50/50 MP: 8/8
  3381 | D:5      | Found a radiant altar of Vehumet.
  4219 | D:6      | Found a glowing silver altar of Zin.
  4251 | D:6      | Found a sparkling altar of Nemelex Xobeh.
  4705 | D:7      | Reached skill level 6 in Axes
  4764 | D:7      | Reached **** piety under Trog
  5106 | D:7      | Reached XP level 9. HP: 56/56 MP: 9/9
  5166 | D:7      | Reached skill level 7 in Axes
  5406 | D:8      | Noticed Gastronok
  5433 | D:8      | Killed Gastronok
  5433 | D:8      | Reached skill level 8 in Axes
  5433 | D:8      | Reached XP level 10. HP: 53/64 MP: 10/10
  5869 | D:8      | Noticed Grum
  5869 | D:8      | Reached skill level 9 in Axes
  6241 | D:8      | Killed Grum
  6437 | D:8      | HP: 2/65 [lava snake/glob of lava (8)]
  7504 | D:9      | Reached ***** piety under Trog
  7506 | D:9      | Upgraded the game from 0.18-b1-2-gd0c887e to 0.18.1-8-gdd0e5ea
  7527 | D:9      | Reached skill level 10 in Axes
  7533 | D:9      | Reached XP level 11. HP: 31/71 MP: 11/11
  7634 | D:9      | Found an opulent altar of Gozag.
  8117 | D:10     | Entered Level 10 of the Dungeon
  8167 | D:10     | Noticed Maud
  8177 | D:10     | Annihilated by Maud

Skill      XL: |  1  2  3  4  5  6  7  8  9 10 |
---------------+-------------------------------+-----
Axes           | 3 4 5 6 8 10 | 10.2
Dodging        | 2 3 4 |  4.2
Fighting       | 4 5 6 8 9 |  9.4
Armour         | 3 4 5 6 8 9 |  9.8
Stealth        | |  0.8

Action                   |  1- 3 |  4- 6 |  7- 9 | 10-12 || total
-------------------------+-------+-------+-------+-------++-------
Melee: Hand axe          |   143 |   402 |   105 |       ||   650
       War axe           |       |       |   258 |   309 ||   567
Invok: Berserk           |     1 |       |     3 |     2 ||     6
  Use: Scroll            |       |     9 |     1 |       ||    10
       Potion            |       |       |       |     1 ||     1
 Stab: Invisible         |       |       |       |     3 ||     3
  Eat: Chunk             |       |     9 |    24 |    11 ||    44
Armor: Plate armour      |   146 |   353 |   300 |   400 ||  1199
Dodge: Dodged            |    70 |   195 |   142 |   181 ||   588
